 Dungeon Crawl Stone Soup version 0.25-a0-632-g7713895 (webtiles) character file.

Game seed: 12160468399774491266, levelgen mode: deterministic

103 BlueFish the Sneak (level 4, 0/29 HPs)
             Began as an Octopode Assassin on Mar 19, 2020.
             Succumbed to an adder's poison
             ... on level 2 of the Dungeon.
             The game lasted 00:04:10 (1211 turns).

BlueFish the Sneak (Octopode Assassin)              Turns: 1211, Time: 00:04:11

Health: 0/29       AC:  1    Str: 10    XL:     4   Next: 79%
Magic:  4/4        EV: 13    Int: 13    God:
Gold:   35         SH:  0    Dex: 14    Spells: 3/3 levels left

rFire    . . .     SeeInvis .   a - +2 dagger
rCold    . . .     Gourm    .   (no shield)
rNeg     . . .     Faith    .   (helmet restricted)
rPois    +         Spirit   .   (no amulet)
rElec    .         Reflect  .   e - ring of poison resistance
rCorr    .         Harm     .   (no ring)
MR       .....                  (no ring)
Stlth    +++++.....             (no ring)
HPRegen  0.09/turn              (no ring)
MPRegen  0.09/turn              (no ring)
                                (no ring)
                                (no ring)

@: lethally poisoned (0 -> -4)
A: almost no armour, stealthy swim, amphibious, 8 rings, constrict 8, camouflage
1, gelatinous body 1
a: no special abilities


You were on level 2 of the Dungeon.
You were not hungry.

You visited 1 branch of the dungeon, and saw 2 of its levels.

You collected 35 gold pieces.

Inventory:

Hand Weapons
 a - a +2 dagger (weapon)
Missiles
 b - 8 poisoned darts (quivered)
 c - 5 curare-tipped darts
Jewellery
 e - a ring of poison resistance (left tentacle)
Scrolls
 k - a scroll of magic mapping
Comestibles
 d - 4 rations


   Skills:
 * Level 2.2 Fighting
 + Level 2.2 Short Blades
 * Level 2.2 Throwing
 * Level 1.7 Dodging
 * Level 7.5 Stealth


You had 3 spell levels left.
You didn't know any spells.
Your spell library was empty.

Dungeon Overview and Level Annotations

Branches:
Dungeon (2/15)

Altars:


Innate Abilities, Weirdness & Mutations

You cannot wear most types of armour.
You are very stealthy in the water. (Stealth+)
You are amphibious.
You can wear up to eight rings at the same time.
You can use your tentacles to constrict eight enemies at once.
Your skin changes colour to match your surroundings (Stealth+).
Your rubbery body absorbs attacks. (AC +1, EV +1)


Message History

You hit the adder but do no damage. You squeeze the adder.
The adder is almost dead.
You constrict the adder.
You kill the adder!
* * * LOW HITPOINT WARNING * * *
You feel sick.
* * * LOW HITPOINT WARNING * * *
You feel sick.
* * * LOW HITPOINT WARNING * * *
You feel sick.
Found a stone staircase leading down.
* * * LOW HITPOINT WARNING * * *
You feel sick.
Found 14 stones.
Found a stone staircase leading up.
* * * LOW HITPOINT WARNING * * *
You feel sick.
Found a scroll labeled BISEYD JISOFUO.
* * * LOW HITPOINT WARNING * * *
You feel sick.
You die...

#.รท)S.[.#..#.>...............
#######..........[...........
#......)...............
#...................###
..#...#.#............#
##......#.............#
.##.###..........####
##.....>.........#
..###..@.......## ##.(..<....#
#.?.......# #.........#
###########


There were no monsters in sight!

Vanquished Creatures
  A bullfrog zombie (D:2)
  4 adders (D:2)
  A dart slug (D:1)
  A worm (D:2)
  3 leopard geckos (D:1)
  4 goblins
  8 hobgoblins
  A ball python (D:1)
  3 frilled lizards
  2 kobolds
  5 rats
33 creatures vanquished.

Notes
Turn   | Place    | Note
-------+----------+-------------------------------------------
     0 | D:1      | BlueFish the Octopode Assassin began the quest for the Orb.
     0 | D:1      | Reached XP level 1. HP: 14/14 MP: 1/1
   126 | D:1      | Reached XP level 2. HP: 19/19 MP: 2/2
   176 | D:1      | Reached skill level 6 in Stealth
   669 | D:1      | Reached XP level 3. HP: 24/24 MP: 3/3
   957 | D:2      | Reached skill level 7 in Stealth
   957 | D:2      | Reached XP level 4. HP: 14/29 MP: 4/4
  1208 | D:2      | HP: 1/29 [poisoned by an adder]
  1211 | D:2      | Succumbed to an adder's poison

Levels and vault maps discovered:
D:1:      minmay_arrival_four_loops, layout_basic
D:2:      layout_rooms, guppyfry_early_lair_pool

Skill      XL: |  1  2  3 |
---------------+----------+-----
Stealth        | 6 7 |  7.5
Fighting       | |  2.2
Short Blades   | |  2.2
Throwing       | |  2.2
Dodging        | |  1.7

Action                   |  1- 3 |  4- 6 || total
-------------------------+-------+-------++-------
Melee: Dagger            |    65 |     8 ||    73
       Tentacles         |     9 |     4 ||    13
       Constrict         |     9 |     2 ||    11
  Use: Scroll            |     4 |       ||     4
 Stab: Sleeping          |    12 |       ||    12
  Eat: Chunk             |       |     1 ||     1
Armor: Skin              |     1 |       ||     1
Dodge: Dodged            |    33 |     5 ||    38

Table legend:
 A = Non-vault XP
 B = Vault XP
 C = Vault XP percentage of total XP
 D = Non-vault monster count
 E = Vault monster count
 F = Vault count percentage of total count
                 A         B        C        D         E       F
            +---------+---------+-------+---------+---------+-------
      Total |     148 |       0 |   0.0 |      33 |       0 |   0.0
            +---------+---------+-------+---------+---------+-------
        D:1 |      34 |       0 |   0.0 |      18 |       0 |   0.0
        D:2 |     114 |       0 |   0.0 |      15 |       0 |   0.0
            +---------+---------+-------+---------+---------+-------
